 Dungeon Crawl Stone Soup version 0.28-a0-305-g9e858e973b (webtiles) character file.

Game seed: 15501276090495398958

99 Manisian the Insei (level 4, 0/28 HPs)
             Began as an Octopode Transmuter on Aug 29, 2021.
             Splashed by a jelly's acid (1 damage)
             ... created by Jiyva
             ... on level 3 of the Dungeon.
             The game lasted 00:07:22 (3286 turns).

Manisian the Insei (Octopode Transmuter)            Turns: 3286, Time: 00:07:23

Health: 0/28       AC: -3    Str:  9    XL:     4   Next: 72%
Magic:  14/17      EV: 13    Int: 16    God:
Gold:   32         SH:  0    Dex: 12    Spells: 2/8 levels left

rFire   . . .      SeeInvis .     - Unarmed
rCold   + . .      Faith    .   (no shield)
rNeg    + . .      Spirit   .   (helmet currently unavailable)
rPois   .          Reflect  .   (no amulet)
rElec   .          Harm     .   b - ring of magical power
rCorr   .          Rampage  .   i - ring of positive energy
Will    .....                   m - ring of protection from cold
Stlth   +++.......              (no ring)
HPRegen 0.09/turn               (no ring)
MPRegen 0.15/turn               (no ring)
                                (no ring)
                                (no ring)

@: appendages, corroded
A: tentacle spike 3, almost no armour, amphibious, 8 rings, camouflage 1,
gelatinous body 1, (nimble swimmer 1), tentacles
a: End Transformation


You were on level 3 of the Dungeon.
One of your tentacles had grown a beastly spike.
You visited 1 branch of the dungeon, and saw 3 of its levels.

You collected 102 gold pieces.
You spent 70 gold pieces at shops.

Inventory:

Hand Weapons
 d - a +0 short sword of protection
 h - a +1 dagger of protection
Missiles
 f - 18 poisoned darts (quivered)
Magical Staves
 a - a staff of death
Jewellery
 b - a ring of magical power (left tentacle)
 i - a ring of positive energy (right tentacle)
 m - a ring of protection from cold (on tentacle)
Scrolls
 k - 3 scrolls of enchant armour {unknown}
 n - a scroll of fear {unknown}
Potions
 c - a potion of might
 e - 2 potions of degeneration {unknown}
 g - a potion of heal wounds
 j - 2 potions of ambrosia
 l - a potion of attraction {unknown}


   Skills:
 + Level 1.1 Fighting
 + Level 2.2 Dodging
 + Level 2.0 Stealth
 + Level 4.0 Unarmed Combat
 + Level 2.8 Spellcasting
 + Level 2.4 Transmutations


You had 2 spell levels left.
You knew the following spells:

 Your Spells              Type           Power      Damage    Failure   Level
a - Beastly Appendage     Tmut           20%        N/A       7%          1
b - Wereblood             Tmut           10%        N/A       11%         2
c - Spider Form           Tmut/Pois      3%         N/A       34%         3

Your spell library contained the following spells:

 Spells                   Type           Power      Damage    Failure   Level
 Ice Form                 Ice/Tmut       6%         N/A       75%         4


Dungeon Overview and Level Annotations

Branches:
Dungeon (3/15)

Altars:
Jiyva

Shops:
D:2 !


Innate Abilities, Weirdness & Mutations

One of your tentacles has grown a beastly spike.
You cannot wear most types of armour.
You are amphibious.
You can wear up to eight rings at the same time.
Your skin changes colour to match your surroundings (Stealth+).
Your rubbery body absorbs attacks. (AC +1, EV +1)
((You are camouflaged near water. (Stealth+)))
You have tentacles for arms and can constrict up to eight enemies at once.


Message History

You constrict the jackal. The jackal bites you.
You tentacle-slap the jackal.
You kill the jackal!
Your Stealth skill increases to level 2!
You see here a jackal corpse.
You start resting.
Your tentacle spike disappears.
You start resting.
HP restored.
Found a scroll labelled PIBREO JAPNU.
k - 3 scrolls labelled HAAPHI DIORCHU
n - a scroll labelled PIBREO JAPNU
There is a faded altar of an unknown god here.
You cannot tell which god this altar belongs to.
Convert to them anyway? [Y]es or [N]o only, please.
You cannot tell which god this altar belongs to.
Convert to them anyway?
Jiyva accepts your prayer! Jiyva welcomes you! Jiyva grants you a jelly!
You can now request a jelly.
Really renounce your faith, foregoing its fabulous benefits?
Are you sure?
You have lost your religion!
Jiyva does not appreciate desertion!
All of your fellow slimes turn on you.
The jelly quivers. x2
The jelly misses you.
You tentacle-slap the jelly.
Your tentacles burn!
The jelly is moderately wounded.
The jelly closely misses you.
You tentacle-slap the jelly.
Your tentacles burn!
The jelly is severely wounded.
The jelly hits you.
You are splashed with acid!
The jelly misses you.
Casting: Beastly Appendage (safe; 7% risk of failure)
Confirm with . or Enter, or press ? or * to list all spells.
One of your tentacles grows a vicious spike.
The jelly hits you but does no damage. The jelly hits you.
You are splashed with acid!
* * * LOW HITPOINT WARNING * * *
You tentacle-slap the jelly. The acid corrodes you!
Your tentacles burn!
You die...

#'######## ####### #.#
##.§§§§## #.#
##§§≈≈§§.## #.#
##.§..§..§.## #.#####
##§.≈§...§§§.##
#.....###.§§.≈...≈≈.≈.##
......##.≈..≈.§§≈§≈§.≈.#
......##.§...≈.≈§≈≈§≈≈.#
......##.≈....≈J@J§§....
......##.≈...≈.≈≈§§≈§≈..
......##.≈..≈.≈≈≈.§§§≈..
#.###.###.≈≈.≈...§≈.≈...
#.# #.####..≈....§§≈.#.#
#.###.......≈.....≈.#..#
#.<########..§≈≈≈≈.##.##
#..#..............## #
#..#.######†##.####


You could see 2 jellies.

Vanquished Creatures
  A killer bee zombie (D:3)
  2 adders
  A dart slug (D:2)
  6 bats
  7 endoplasms
  2 giant cockroaches
  5 goblins
  4 hobgoblins
  3 jackals (D:3)
  3 quokkas (D:1)
  8 ball pythons
  3 frilled lizards
  7 kobolds
  4 rats
56 creatures vanquished.

Notes
Turn   | Place    | Note
-------+----------+-------------------------------------------
     0 | D:1      | Manisian the Octopode Transmuter began the quest for the
                  | Orb.
     0 | D:1      | Reached XP level 1. HP: 13/13 MP: 3/3
   197 | D:1      | Reached XP level 2. HP: 17/18 MP: 3/5
   864 | D:1      | Reached XP level 3. HP: 23/23 MP: 6/6
  1234 | D:1      | Learned a level 2 spell: Wereblood
  1238 | D:1      | Learned a level 3 spell: Spider Form
  1869 | D:2      | Found Joaxaiff's Distillery.
  1878 | D:2      | Bought a potion of heal wounds for 70 gold pieces
  2182 | D:2      | Reached skill level 1 in Stealth
  2363 | D:2      | You fall into a shaft and drop 1 floor!
  2414 | D:3      | Reached XP level 4. HP: 28/28 MP: 7/7
  2947 | D:3      | Reached skill level 4 in Unarmed Combat
  3150 | D:3      | Found a faded altar of an unknown god.
  3280 | D:3      | Became a worshipper of Jiyva Jiururoe the Shapeless
  3280 | D:3      | Reached * piety under Jiyva
  3282 | D:3      | Fell from the grace of Jiyva
  3285 | D:3      | HP: 1/28 [acid[the player character] (10)]
  3286 | D:3      | Splashed by a jelly's acid

Illustrated notes

Levels and vault maps discovered:
D:1:      dpeg_arrival_lava_temple_mockup, layout_loops_cross
D:2:      layout_basic, serial_shops, shop
D:3:      layout_basic, shapermc_ecumenical_altar_starsandcircs

Skill      XL: |  1  2  3  4 |
---------------+-------------+-----
Stealth        | 1 2 |  2.0
Unarmed Combat | 4 |  4.0
Fighting       | |  1.1
Dodging        | |  2.2
Spellcasting   | |  2.8
Transmutations | |  2.4

Action                   |  1- 3 |  4- 6 || total
-------------------------+-------+-------++-------
Melee: Unarmed           |    75 |    50 ||   125
       Constrict         |    19 |    10 ||    29
       Kick              |    13 |     8 ||    21
       Tentacles         |    11 |     2 ||    13
       Punch             |     3 |       ||     3
 Cast: Beastly Appendage |    24 |     9 ||    33
Invok: Request Jelly     |       |     1 ||     1
       Renounce Religion |       |     1 ||     1
  Use: Scroll            |     1 |     2 ||     3
 Stab: Sleeping          |     9 |     5 ||    14
Armor: Skin              |     6 |     5 ||    11
Dodge: Dodged            |    43 |    33 ||    76

Table legend: (Time is in decaauts)
 A = Elapsed time spent in this place.
 B = Non-inter-level travel time spent in this place.
 C = Inter-level travel time spent in this place.
 D = Time resting spent in this place.
 E = Time spent auto-exploring this place.
 F = Levels seen in this place.
 G = Mean time per level.
                   A        B        C        D        E       F      G
               +--------+--------+--------+--------+--------+-----+--------+
         Total |   3277 |   3199 |     78 |    763 |   1712 |   3 | 1092.3 |
       Dungeon |   3277 |   3199 |     78 |    763 |   1712 |   3 | 1092.3 |
               +--------+--------+--------+--------+--------+-----+--------+

Top non-repeatable levels by time:
     D:1: 1499 daAuts
     D:2: 1048 daAuts
     D:3: 730 daAuts
